 Dungeon Crawl Stone Soup version 0.27-a0-328-g7f782ed93a (webtiles) character file.

Game seed: 14025703216377971387

662979 dolemite99 the Slayer (level 27, -1/184 HPs)
             Began as a Demonspawn Hunter on Feb 11, 2021.
             Was a High Priest of Okawaru.
             Killed from afar by an orb of fire (9 damage)
             ... with a bolt of fire
             ... on level 5 of the Realm of Zot on Feb 12, 2021.
             The game lasted 03:09:12 (105543 turns).

dolemite99 the Slayer (Demonspawn Hunter)         Turns: 105543, Time: 03:09:13

Health: -1/184     AC: 41    Str: 22 (25) XL:     27
Magic:  0/44       EV: 10    Int: 17 (20) God:    Okawaru [*****.]
Gold:   2728       SH:  0    Dex: 16 (19) Spells: 12/40 levels left

rFire    + + .     SeeInvis +   a - +7 longbow (flame)
rCold    + + .     Faith    .   (shield currently unavailable)
rNeg     + + .     Spirit   +   P - +1 gold dragon scales
rPois    +         Reflect  .   (helmet unavailable)
rElec    .         Harm     .   t - +2 cloak
rCorr    +         Rampage  .   n - +2 pair of gloves {Str+3}
Will     +++..                  k - +4 pair of boots of Moral Flaws {rPois Slay+4}
Stlth    ..........             C - amulet of Irumown {rC+ Regen+ MP+9 Str+2 Dex+2}
HPRegen  0.80/turn              y - +4 ring of slaying {=R}
MPRegen  0.58/turn              x - ring of Lies {rF+ rN+ Will+ Int+4 Dex+3}

@: very slightly contaminated, slowed, invisible, very slow
A: antennae 3, yellow scales 3, clumsy 1, deterioration 1, frail 2, negative
energy resistance 1, spiny 3, 50% torment resistance, magic shield, magic
regeneration, magic link, no potion heal 1, black mark
}: 3/15 runes: decaying, serpentine, silver
a: Renounce Religion, Heroism, Finesse


You were on level 5 of the Realm of Zot.
You worshipped Okawaru.
Okawaru was extremely pleased with you.
You visited 10 branches of the dungeon, and saw 52 of its levels.
You visited the Abyss 1 time.
You also visited: Ossuary and Ice Cave.

You collected 8618 gold pieces.
You spent 5890 gold pieces at shops.

Inventory:

Hand Weapons
 a - a +7 longbow of flaming (weapon)
Missiles
 g - 1843 arrows (quivered ammo)
Armour
 k - the +4 pair of boots of Moral Flaws (worn) {rPois Slay+4}
   (You bought it in a shop on level 1 of the Elven Halls)

   It affects your accuracy and damage with ranged weapons and melee attacks
   (+4).
   It protects you from poison.
 n - a +2 pair of gloves of strength (worn)
 t - a +2 cloak (worn)
 u - a +2 plate armour of willpower
 D - the +0 pair of boots of Gehenna {rF+ rN+ Int+5}
   (Okawaru gifted it to you on level 13 of the Dungeon)

   It affects your intelligence (+5).
   It protects you from fire.
   It protects you from negative energy.
 P - +1 gold dragon scales (worn)
Magical Staves
 w - a staff of air
Jewellery
 e - a ring of protection from fire
 s - a ring of protection from cold
 x - the ring of Lies (right hand) {rF+ rN+ Will+ Int+4 Dex+3}
   (You took it off a vault warden on level 5 of the Vaults)

   [ring of protection from fire]

   It affects your intelligence (+4).
   It affects your dexterity (+3).
   It protects you from fire.
   It protects you from negative energy.
   It affects your willpower, your defense against some magical effects.
 y - a +4 ring of slaying (left hand) {=R}
 z - the ring of Hosuimer {+Fly rPois rN+ Int+3}
   (You found it on level 5 of the Lair of Beasts)

   [ring of flight]

   It affects your intelligence (+3).
   It protects you from poison.
   It protects you from negative energy.
   It lets you fly.
 A - the ring "Vonle" {+Fly Str+4}
   (You took it off a vault guard on level 5 of the Vaults)

   [ring of flight]

   It affects your strength (+4).
   It lets you fly.
 C - the amulet of Irumown (around neck) {rC+ Regen+ MP+9 Str+2 Dex+2}
   (You acquired it on level 3 of the Elven Halls)

   [amulet of regeneration]

   It affects your strength (+2).
   It affects your dexterity (+2).
   It protects you from cold.
   It affects your magic capacity (+9).
   It increases your rate of regeneration.
 F - the ring "Ukorphoma" {Fire Dex+3 Slay+2}
   (You found it on level 5 of the Lair of Beasts)

   [ring of fire]

   It enhances your fire magic.
   It affects your dexterity (+3).
   It affects your accuracy and damage with ranged weapons and melee attacks
   (+2).
   It protects you from fire.
   It makes you vulnerable to cold.
 Y - the ring of Zavecawk {+Fly EV+4 SInv}
   (You found it on level 1 of the Swamp)

   [ring of evasion]

   It affects your evasion (+4).
   It lets you see invisible.
   It lets you fly.
Wands
 c - a wand of digging (9)
 i - a wand of iceblast (30)
 I - a wand of paralysis (15)
 K - a wand of polymorph (34)
 T - a wand of mindburst (24)
Scrolls
 f - 2 scrolls of brand weapon
 o - 7 scrolls of identify {@r1}
 q - 22 scrolls of teleportation
 r - 6 scrolls of fog
 H - 4 scrolls of blinking
 N - a scroll of amnesia
 W - a scroll of fear
Potions
 d - a potion of invisibility
 j - 20 potions of curing
 l - 5 potions of mutation
 m - 3 potions of haste
 p - a potion of heal wounds
 B - 8 potions of brilliance
 E - 3 potions of cancellation
 G - 8 potions of ambrosia
 J - 8 potions of attraction
 M - 14 potions of flight
 Q - 4 potions of berserk rage
 Z - 6 potions of magic
Miscellaneous
 b - a lightning rod (4/4)
 v - a condenser vane (inert)
 S - a phial of floods
 U - a box of beasts
 V - a phantom mirror


   Skills:
 + Level 21.9 Fighting
 - Level 3.1 Short Blades
 - Level 17.9 Bows
 + Level 20.2 Armour
 - Level 8.0 Dodging
 - Level 8.8 Stealth
 - Level 7.0 Spellcasting
 - Level 7.3 Conjurations
 - Level 10.5 Hexes
 - Level 14.9 Necromancy
 - Level 9.0 Translocations
 - Level 9.0 Transmutations
 - Level 9.9 Fire Magic
 - Level 9.1 Air Magic
 - Level 9.0 Earth Magic
 - Level 4.9 Poison Magic
 - Level 16.2 Invocations
 - Level 15.0 Evocations


You had 12 spell levels left.
You knew the following spells:

 Your Spells              Type           Power        Failure   Level
a - Inner Flame           Hex/Fire       40%          11%         3
b - Portal Projectile     Hex/Tloc       78%          13%         3
c - Passwall              Tmut/Erth      30%          9%          2
d - Apportation           Tloc           72%          6%          1
e - Mephitic Cloud        Conj/Pois/Air  30%          36%         3
f - Blink                 Tloc           N/A          9%          2
g - Slow                  Hex            41%          4%          2
h - Dispel Undead         Necr           54%          4%          4
i - Vampiric Draining     Necr           27%          1%          3
s - Animate Skeleton      Necr           100%         1%          1
z - Animate Dead          Necr           27%          4%          4

Your spell library contained the following spells:

 Spells                   Type           Power        Failure   Level
 Pain                     Necr           100%         1%          1
 Sublimation of Blood     Necr           27%          1%          2
 Corona                   Hex            45%          3%          1
 Beastly Appendage        Tmut           72%          6%          1
 Sandblast                Erth           72%          6%          1
 Foxfire                  Conj/Fire      100%         7%          1
 Confusing Touch          Hex            41%          10%         3
 Tukima's Dance           Hex            41%          10%         3
 Magic Dart               Conj           100%         12%         1
 Sting                    Tmut/Pois      100%         14%         1
 Agony                    Necr           54%          14%         5
 Excruciating Wounds      Necr           27%          14%         5
 Teleport Other           Tloc           36%          17%         3
 Dazzling Flash           Conj/Hex       72%          19%         3
 Poisonous Vapours        Pois/Air       58%          21%         2
 Conjure Flame            Conj/Fire      35%          21%         3
 Static Discharge         Conj/Air       33%          24%         3
 Stone Arrow              Conj/Erth      66%          24%         3
 Ignite Poison            Fire/Tmut/Pois 32%          26%         3
 Cause Fear               Hex            20%          30%         4
 Ensorcelled Hibernation  Hex/Ice        46%          38%         2
 Spider Form              Tmut/Pois      14%          38%         3
 Leda's Liquefaction      Hex/Erth       19%          38%         4
 Borgnjor's Vile Clutch   Necr/Erth      23%          43%         5
 Petrify                  Tmut/Erth      36%          50%         4
 Sticky Flame             Conj/Fire      35%          56%         4
 Death Channel            Necr           27%          61%         6
 Silence                  Hex/Air        19%          75%         5
 Yara's Violent Unravell  Hex/Tmut       19%          75%         5
 Lee's Rapid Deconstruct  Erth           18%          85%         5
 Bolt of Magma            Conj/Fire/Erth 17%          87%         5
 Fireball                 Conj/Fire      17%          88%         5
 Irradiate                Conj/Tmut      16%          92%         5
 Lightning Bolt           Conj/Air       16%          92%         5
 Freeze                   Ice            20%          93%         1
 Summon Small Mammal      Summ           20%          93%         1
 Olgreb's Toxic Radiance  Pois           22%          97%         4
 Call Imp                 Summ           5%           98%         2
 Animate Armour           Summ/Erth      42%          98%         4
 Summon Lightning Spire   Summ/Air       21%          98%         4
 Hailstorm                Conj/Ice       18%          99%         4
 Frozen Ramparts          Ice            10%          100%        3
 Ozocubu's Armour         Ice            5%           100%        3
 Summon Ice Beast         Ice/Summ       5%           100%        4
 Summon Forest            Summ/Tloc      10%          100%        5
 Conjure Ball Lightning   Conj/Air       16%          100%        6
 Dispersal                Tloc           18%          100%        6
 Freezing Cloud           Conj/Ice/Air   12%          100%        6
 Hydra Form               Tmut           18%          100%        6
 Iron Shot                Conj/Erth      16%          100%        6
 Simulacrum               Ice/Necr       15%          100%        6
 Starburst                Conj/Fire      17%          100%        6
 Statue Form              Tmut/Erth      24%          100%        6
 Dragon Form              Tmut           18%          100%        7
 Haunt                    Necr/Summ      15%          100%        7
 Malign Gateway           Summ/Tloc      10%          100%        7
 Monstrous Menagerie      Summ           2%           100%        7
 Orb of Destruction       Conj           15%          100%        7
 Ozocubu's Refrigeration  Ice            2%           100%        7
 Discord                  Hex            20%          100%        8
 Ignition                 Fire           19%          100%        8
 Summon Horrible Things   Summ           2%           100%        8
 Dragon's Call            Summ           2%           100%        9
 Shatter                  Erth           18%          100%        9
 Tornado                  Air            18%          100%        9


Dungeon Overview and Level Annotations

Branches:
Dungeon (15/15)            Temple (0/1) D:4            Lair (6/6) D:9
  Swamp (4/4) Lair:3        Snake (4/4) Lair:3          Orc (2/2) D:12
    Elf (3/3) Orc:2        Vaults (5/5) D:13          Crypt (3/3) Vaults:3
 Depths (5/5) D:15            Zot (5/5) Depths:5    Ossuary (visited)
  IceCv (visited)
  Slime: Lair:5-6      Tomb: Crypt:3

Altars:
Ashenzari
Cheibriados
Dithmenos
Fedhas
Gozag
Hepliaklqana
Kikubaaqudgha
Makhleb
Okawaru
Trog
Vehumet
Wu Jian
Yredelemnul
The Shining One
Beogh

Shops:
D:4 (   D:6 (   D:9 (*(   Orc:2 [(:*   Elf:1 [=   Vaults:2 =   Vaults:3 (
Vaults:4 =(::=   Depths:5 ?*

Portals:
Hell: Depths:1 Depths:2 Depths:3 Depths:4 Depths:5
Abyss: Depths:4
Pandemonium: Depths:3
Ziggurat: Depths:2

Annotations:
D:3 exclusion: downstairs
D:4 exclusion: oklob sapling
D:5 3 runed translucent doors, HendSelp's ghost, weakling HuDe
D:15 3 runed translucent doors, Xohuykh's ghost, journeyman GrEE
Lair:5 exclusion: oklob plant
Elf:2 2 runed translucent doors
Crypt:2 3 runed translucent doors
Crypt:3 Mennas
Depths:2 exclusion: downstairs
Depths:3 exclusion: downstairs
Zot:1 2 transporters
Zot:4 exclusion: 2 oklob plants
Zot:5 exclusion: obsidian statue


Innate Abilities, Weirdness & Mutations

You have a pair of large antennae on your head. (SInv)
You are completely covered in yellow scales. (AC +4, rCorr)
You resist negative energy. (rN+)
You are completely covered in sharp spines.
You are somewhat able to resist unholy torments (1 in 2 success).
When hurt, damage is shared between your health and your magic reserves.
You regenerate magic rapidly.
When low on magic, you restore magic in place of health.
Your melee attacks may debilitate your foes.
You are clumsy. (Dex -2)
Your body sometimes deteriorates upon taking damage.
You are very frail. (-20% HP)
Potions are less effective at restoring your health.


Message History

The searing blast hits you. You resist.
* * * LOW HITPOINT WARNING * * *
The white draconian moves out of view.
Casting: Blink (safe; 9% risk of failure)
Confirm with . or Enter, or press ? or * to list all spells.
You blink.
An orb of fire comes into view.
The crimson imp shouts!
The purple draconian roars! x2
The quasit gives a chilling moan.
The electric golem hurls lightning at you.
The bolt of lightning hits you!!
* * * LOW HITPOINT WARNING * * *
The quicksilver dragon barely misses you.
The quicksilver dragon claws you but does no damage.
A moth of wrath comes into view.
The red draconian breathes fire past the electric golem.
The Killer Klown prods you with a +11 club of flaming!
* * * LOW HITPOINT WARNING * * *
The Killer Klown burns you.
* * * LOW HITPOINT WARNING * * *
The dread lich enters a dispersal trap!
The orb of fire blinks!
The tentacled monstrosity blinks!
The death cob blinks!
The electric golem blinks!
The orb of fire blinks! x2
The Killer Klown blinks!
The death cob blinks!
The tentacled monstrosity blinks!
The orb of fire blinks! x3
The quicksilver dragon blinks!
The orb of fire blinks! x2
The Orb Guardian blinks!
The red draconian blinks!
The quasit blinks!
The purple draconian blinks!
The orb of fire blinks!
The purple draconian blinks!
The yellow draconian blinks!
The orb of fire blinks!
The Orb Guardian blinks!
You blink.
The dread lich blinks!
The orb of fire glows yellow.
The fireball explodes!
The fireball engulfs you. You resist.
* * * LOW HITPOINT WARNING * * *
The orb of fire glows red.
The bolt of fire hits you! You resist.
* * * LOW HITPOINT WARNING * * *
The orb of fire glows red.
The bolt of fire hits you! You resist.
You die...

***,,,^,,,,,,,.....=5.#*
*****▓▓▓▓▓▓▓##.§§X8▓▓
****!...§........y.▓▓
***,,,......*....§§§..▓▓
**,,,,,$........*.......▓▓ *
*^,,,,,..**...*.§D§z.5.d.▓
***,,,,,,..........§§§§8...▓
,**,,,,,,....^..§...d..p..▓▓
,,*,,,,,,....^..@.X.§....▓▓
,,,,,,,,,..........§....▓▓
,,*,,,,,,.....§§.§*..L...**
,**,,,,,,...§...§...^.d§..**
***,,,,,,............§.§q..*
* *,,,,,,..........§.......*
**,,,,,...............,,**
***,,,...............,**
****,,,,,,,,,,,,,****


You could see 6 orbs of fire, a Killer Klown, an electric golem, a tentacled
monstrosity, a dread lich, a yellow draconian, a red draconian (catching
breath), a death cob, a quicksilver dragon, an Orb Guardian and a quasit
(summoned, wandering).

Vanquished Creatures
  2 dread liches (Vaults:5)
  An orb of fire (Zot:1)
  2 ancient liches (Vaults:5)
  A juggernaut (Depths:5)
  Sojobo (Vaults:2)
  Xtahua (Depths:3)
  Vashnia (Snake:4)
  Saint Roka (Orc:2)
  9 caustic shrikes
  2 curse toes
  Nikola (Depths:3)
  9 golden dragons
  The ghost of dinky3 the Spry, an adept OpMo of Cheibriados (Elf:3)
  Jory (Vaults:2)
  the Enchantress (Depths:3)
  A bone dragon (Crypt:3)
  Jorgrun (D:14)
  18 tentacled monstrosities
  An electric golem (Zot:1)
  Rupert (D:15)
  3 liches
  A Hell Sentinel (Abyss:3)
  2 deep elf blademasters (Elf:3)
  5 titans
  6 quicksilver dragons
  2 deep elf master archers (Elf:3)
  An ancient champion (Crypt:2)
  9 death cobs
  2 sphinxes
  The ghost of Biocos the Whirler, an adept HaHu of Okawaru (Depths:5)
  Kirke (Elf:1)
  14 shadow dragons
  3 tentacled starspawn (Abyss:3)
  15 storm dragons
  Donald (Snake:4)
  6 tengu reavers
  2 draconian monks
  A revenant (Crypt:2)
  11 nagarajas
  9 draconian knights
  6 fire giants
  6 draconian scorchers
  6 deep elf sorcerers
  A juggernaut zombie (Crypt:1)
  5 frost giants
  19 vault wardens
  2 orc warlords (Depths:1)
  9 ghouls
  A caustic shrike zombie (Depths:1)
  5 deep elf elementalists
  4 draconian annihilators
  4 draconian stormcallers
  4 draconian shifters
  7 spriggan defenders
  A curse skull (Crypt:3)
  29 stone giants
  2 war gargoyles
  22 very ugly things
  19 ironheart preservers
  4 spark wasps
  Nessos (Lair:4)
  4 green draconians
  6 vampire knights
  12 deep elf demonologists
  9 yellow draconians
  5 black draconians
  An entropy weaver (Vaults:2)
  A minotaur (shapeshifter) (Depths:4)
  9 red draconians
  6 white draconians
  8 purple draconians
  10 deep elf annihilators
  3 bunyips
  The ghost of Kaofid the Geomancer, a journeyman GrEE of Vehumet (Lair:5)
  9 ettins
  15 deep elf death magi
  9 jiangshi
  5 eidola
  2 crystal guardians
  5 eleionomae
  A shambling mangrove (Swamp:4)
  7 deep elf high priests
  14 fire dragons
  20 yaktaur captains
  Josephine (Lair:3)
  9 great orbs of eyes
  A hell beast (Depths:1)
  25 hydras
  3 rakshasas
  24 naga warriors
  10 boulder beetles
  2 quicksilver dragon skeletons
  10 ice dragons
  15 ogre magi
  33 vault guards
  5 catoblepae
  Harold (Lair:1)
  10 centaur warriors
  3 ghost crabs
  A death knight (Crypt:2)
  An anaconda (shapeshifter) (Vaults:5)
  14 anacondas
  6 spriggan air magi
  49 two-headed ogres
  8 alligators
  8 death yaks
  25 dancing weapons
  17 deep troll shamans
  12 deep troll earth magi
  6 tengu warriors
  6 vampire magi
  4 hell knights
  An orc high priest (Depths:1)
  A shock serpent (shapeshifter) (Vaults:5)
  15 naga sharpshooters
  2 storm dragon zombies
  5 thrashing horrors (Abyss:3)
  7 spriggan berserkers
  6 shock serpents
  Nergalle (Lair:3)
  2 wretched stars (Abyss:3)
  2 soul eaters (Crypt:1)
  6 iron trolls
  23 deep elf knights
  A fire crab (shapeshifter) (Vaults:4)
  A titan skeleton (Depths:4)
  A salamander mystic (Snake:3)
  2 shadow wraiths
  19 skeletal warriors
  An unseen horror (shapeshifter) (Depths:4)
  2 goliath frogs
  12 swamp dragons
  2 ghost moth zombies (Crypt:2)
  4 unseen horrors
  9 sea snakes (Snake:4)
  47 deep trolls
  A spriggan druid (Swamp:4)
  6 bog bodies
  16 deep elf archers
  5 flayed ghosts
  A deep troll (shapeshifter) (Vaults:2)
  A glowing orange brain (shapeshifter) (Depths:5)
  3 glowing orange brains
  An orange crystal statue (Depths:1)
  19 ironbrand convokers
  7 naga ritualists
  11 phantasmal warriors
  5 wizards
  A tengu zombie (Vaults:3)
  10 necromancers
  7 mana vipers
  31 deep elf pyromancers
  15 orc knights
  A frost giant zombie (Crypt:1)
  30 deep elf zephyrmancers
  2 tengu skeletons
  A mana viper (shapeshifter) (Depths:2)
  2 iron dragon zombies
  54 ugly things
  A shining eye (shapeshifter) (Depths:2)
  13 salamanders
  4 cyclopes
  5 guardian serpents
  9 orc sorcerers
  5 wolf spiders
  8 elephants
  An elephant (shapeshifter) (Vaults:1)
  4 manticores
  3 stone giant zombies
  6 oklob plants
  2 will-o-the-wisps (Swamp:2)
  A frost giant skeleton (Vaults:5)
  4 centaur zombies
  3 large abominations (Abyss:3)
  19 naga magi
  A rust devil (Depths:1)
  22 moths of wrath
  4 smoke demons
  An apocalypse crab (Abyss:3)
  39 black mambas
  A dire elephant zombie (Crypt:1)
  14 vault sentinels
  A fire giant skeleton (Depths:2)
  A torpor snail (shapeshifter) (Vaults:5)
  Maggie (D:6)
  6 ice statues
  14 cane toads
  5 spectral swamp worms (Depths:2)
  11 rime drakes
  4 gargoyles (Crypt:3)
  A hellion (Depths:4)
  A red draconian zombie (Crypt:2)
  A dire elephant skeleton (Crypt:3)
  12 komodo dragons
  A shock serpent skeleton (Crypt:2)
  52 yaktaurs
  An efreet (D:12)
  14 freezing wraiths
  An anaconda simulacrum (IceCv)
  2 tengu conjurers (Depths:3)
  A kobold demonologist (D:14)
  2 hellwings (Depths:4)
  A red draconian skeleton (Crypt:1)
  3 ancient zymes (Abyss:3)
  A jumping spider (shapeshifter) (Vaults:3)
  A guardian mummy (D:13)
  A red devil (Depths:1)
  A troll (shapeshifter) (Depths:1)
  A polar bear (Lair:4)
  3 meliai (D:15)
  A catoblepas skeleton (Crypt:2)
  A queen bee (D:11)
  7 trolls
  A harpy skeleton (Crypt:3)
  28 hornets
  2 bloated husks
  A dream sheep (shapeshifter) (Depths:2)
  12 blink frogs
  12 slime creatures
  A hydra skeleton (Crypt:2)
  Grinder (D:4)
  A meliai zombie (D:13)
  9 tyrant leeches
  10 dream sheep
  A fire giant simulacrum (Vaults:5)
  A stone giant simulacrum (Depths:1)
  A blink frog (shapeshifter) (Depths:5)
  A fire dragon zombie (Crypt:3)
  2 air elementals (Elf:1)
  5 flying skulls
  Sigmund (D:6)
  20 spriggans
  A spriggan skeleton (Depths:1)
  2 redbacks (Vaults:2)
  3 shadows
  8 starcursed masses (Abyss:3)
  A ynoxinul (Abyss:3)
  3 hogs (Elf:1)
  A tarantella (Vaults:2)
  An ettin skeleton (Crypt:3)
  An ice dragon skeleton (Depths:1)
  A yak (shapeshifter) (Vaults:5)
  A fire bat (shapeshifter) (Depths:2)
  6 fire bats
  2 tarantellas (shapeshifter) (Vaults:5)
  7 water elementals
  9 wraiths
  A dire elephant simulacrum (IceCv)
  2 wyverns (Lair:4)
  52 yaks
  An elf zombie (Vaults:5)
  A basilisk (shapeshifter) (Depths:1)
  2 fire elementals (Elf:2)
  6 basilisks
  A catoblepas simulacrum (Lair:5)
  A human (shapeshifter) (Depths:4)
  A tyrant leech zombie (Crypt:1)
  6 vampire mosquitoes
  A death yak simulacrum (Lair:5)
  A human simulacrum (Vaults:5)
  Menkaure (Ossuary)
  A harpy simulacrum (IceCv)
  2 iron troll simulacra (IceCv)
  16 swamp worms
  64 nagas
  A soldier ant (D:13)
  3 wargs
  3 hydra simulacra (IceCv)
  A hell hound (Depths:4)
  2 acid dragons
  24 water moccasins
  A floating eye (shapeshifter) (Vaults:5)
  2 two-headed ogre skeletons (Crypt:1)
  3 sky beasts
  9 ice beasts
  51 orc warriors
  9 swamp drakes
  2 elephant zombies (Lair:4)
  A manticore zombie (Crypt:2)
  5 black bears
  3 black mamba simulacra (Lair:5)
  2 necrophages (Crypt:2)
  A spriggan simulacrum (Depths:2)
  38 ogres
  An ettin simulacrum (IceCv)
  23 boggarts
  11 wolves
  2 eyes of draining
  A dream sheep skeleton (Crypt:1)
  2 phantoms
  12 centaurs
  5 kobold brigands
  A human zombie (Vaults:3)
  2 komodo dragon zombies (Lair:4)
  17 bullfrogs
  A cane toad simulacrum (Lair:5)
  A wyvern zombie (D:13)
  2 earth elementals
  A gnoll sergeant (D:10)
  An elf skeleton (Crypt:2)
  2 human skeletons (Vaults:3)
  A water moccasin zombie (D:10)
  5 small abominations (Abyss:3)
  7 scorpions
  3 wyvern skeletons
  A shapeshifter zombie (Crypt:1)
  10 wights
  17 killer bees (D:11)
  3 howler monkeys (D:10)
  10 electric eels
  A torpor snail simulacrum (Lair:5)
  A crimson imp (Depths:3)
  A basilisk zombie (Lair:4)
  2 bullfrog zombies (D:13)
  Crazy Yiuf (D:3)
  7 hounds
  5 jellies
  3 centaur skeletons
  25 orc priests
  An iron imp (Depths:3)
  A gnoll shaman (D:7)
  Jessica (D:2)
  A bullfrog skeleton (D:4)
  8 iguanas
  13 worker ants
  37 orc wizards
  A hound zombie (Crypt:1)
  A hound skeleton (D:8)
  7 mummies
  A worker ant zombie (D:11)
  14 gnolls
  19 adders
  3 white imps
  3 ufetubi
  An ooze (D:1)
  An adder skeleton (D:4)
  An adder zombie (D:5)
  4 worms
  3 dart slugs
  7 leopard geckos
  115 orcs
  8 giant cockroaches
  4 gnoll zombies (Ossuary)
  9 goblins
  9 hobgoblins
  11 jackals
  6 quokkas
  3 ball pythons
  9 bats
  5 frilled lizards
  6 gnoll skeletons (Ossuary)
  2 goblin skeletons (Ossuary)
  7 goblin zombies (Ossuary)
  4 hobgoblin skeletons (Ossuary)
  2 hobgoblin zombies (Ossuary)
  15 kobolds
  6 kobold skeletons
  6 kobold zombies (Ossuary)
  4 orc skeletons (Ossuary)
  2 orc zombies (Ossuary)
  A quokka skeleton (D:5)
  10 rats
  4 rat skeletons (Ossuary)
  5 rat zombies
  2 starspawn tentacles (Abyss:3)
2553 creatures vanquished.

Vanquished Creatures (collateral kills)
  Bai Suzhen (Snake:4)
  2 golden dragons
  A tentacled monstrosity (Zot:3)
  A shadow dragon (Vaults:5)
  A fire giant (Vaults:5)
  A draconian scorcher (Zot:3)
  2 frost giants (Depths:2)
  A draconian annihilator (Zot:3)
  A draconian stormcaller (Zot:2)
  A ghoul (Crypt:2)
  A draconian shifter (Zot:3)
  An ironheart preserver (Vaults:5)
  3 very ugly things (Depths:4)
  A stone giant (Depths:2)
  A white draconian (Zot:3)
  A black draconian (Depths:5)
  A purple draconian (Zot:3)
  An ettin (Vaults:5)
  3 red draconians (Zot:3)
  A yellow draconian (Zot:3)
  2 jiangshi (Crypt:2)
  2 fire dragons
  A vault guard (Vaults:5)
  A vampire mage (Crypt:2)
  A spriggan berserker (Depths:4)
  A thrashing horror (Abyss:3)
  A naga sharpshooter (Snake:4)
  A hell knight (Depths:2)
  3 skeletal warriors (Crypt:2)
  A spatial maelstrom (Abyss:3)
  A deep troll (Vaults:5)
  An ironbrand convoker (Vaults:5)
  A deep elf archer (Vaults:5)
  2 orc knights
  A torpor snail (shapeshifter) (Vaults:5)
  A yaktaur (Depths:2)
  A white draconian skeleton (Crypt:1)
  3 ancient zymes (Abyss:3)
  2 starcursed masses (Abyss:3)
53 creatures vanquished.

Vanquished Creatures (others)
  2 very ugly things
  A vault guard (Vaults:5)
  2 alligators
  A goliath frog (Swamp:1)
  A deep elf archer (Elf:2)
  A phantasmal warrior (Vaults:5)
  A deep elf zephyrmancer (Elf:3)
  An orc knight (Depths:1)
  An orc sorcerer (Vaults:2)
  A bloated husk (Swamp:1)
  4 humans (Elf:1)
  5 orcs
  2 foxfires (Swamp:2)
  30 fungi
  114 plants
  11 starspawn tentacles (Abyss:3)
  21 withered plants (Crypt:3)
199 creatures vanquished.

Grand Total: 2805 creatures vanquished

Notes
Turn   | Place    | Note
-------+----------+-------------------------------------------
     0 | D:1      | dolemite99 the Demonspawn Hunter began the quest for the
                  | Orb.
     0 | D:1      | Reached XP level 1. HP: 16/16 MP: 1/1
   237 | D:1      | Gained mutation: You are partially covered in yellow
                  | scales. (AC +2) [demonic ancestry]
   237 | D:1      | Reached XP level 2. HP: 23/23 MP: 2/2
   643 | D:1      | Gained mutation: You are mostly covered in yellow scales.
                  | (AC +3) [demonic ancestry]
   643 | D:1      | Reached XP level 3. HP: 28/28 MP: 3/3
   868 | D:1      | Reached skill level 3 in Fighting
  1305 | D:2      | Noticed Jessica
  1314 | D:2      | Killed Jessica
  1315 | D:2      | Gained mutation: You regenerate magic rapidly. [demonic
                  | ancestry]
  1315 | D:2      | Reached XP level 4. HP: 15/35 MP: 4/4
  1741 | D:2      | Found a burning altar of Makhleb.
  1741 | D:2      | Found an iron altar of Okawaru.
  1741 | D:2      | Found a hazy altar of Hepliaklqana.
  1875 | D:2      | Found a bloodstained altar of Trog.
  1889 | D:2      | Became a worshipper of Warmaster Okawaru
  2275 | D:3      | Reached skill level 1 in Short Blades
  2290 | D:3      | Gained mutation: You have a pair of small antennae on your
                  | head. [demonic ancestry]
  2290 | D:3      | Reached XP level 5. HP: 38/41 MP: 5/5
  2555 | D:3      | Found a glowing golden altar of the Shining One.
  2647 | D:3      | Found a runed translucent door.
  2648 | D:3      | Noticed Crazy Yiuf
  2656 | D:3      | Killed Crazy Yiuf
  2789 | D:3      | Reached skill level 1 in Armour
  2896 | D:3      | Reached * piety under Okawaru
  3000 | D:3      | Found a shadowy altar of Dithmenos.
  3053 | D:3      | Reached XP level 6. HP: 43/47 MP: 6/6
  3082 | D:4      | Noticed Grinder
  4065 | D:4      | Found a snail-covered altar of Cheibriados.
  4178 | D:5      | Entered Level 5 of the Dungeon
  4198 | D:4      | Reached skill level 1 in Invocations
  4618 | D:4      | Killed Grinder
  4619 | D:4      | Reached skill level 5 in Invocations
  4619 | D:4      | Reached XP level 7. HP: 52/52 MP: 6/10
  4746 | D:4      | Found Jafivvui's Weapon Boutique.
  4812 | D:4      | Found an ornate altar of the Wu Jian Council.
  4853 | D:4      | Found a staircase to the Ecumenical Temple.
  4956 | D:4      | Bought a +1 shortbow of flaming for 136 gold pieces
  5489 | D:5      | Reached skill level 4 in Fighting
  5541 | D:5      | Reached skill level 5 in Bows
  5995 | D:5      | Found a runed translucent gate.
  5995 | D:5      | Found a runed translucent gate.
  6109 | D:5      | Found a runed translucent gate.
  6109 | D:5      | Noticed HendSelp's ghost (weakling HuDe)
  6127 | D:5      | Gained mutation: You have a pair of antennae on your head.
                  | [demonic ancestry]
  6127 | D:5      | Reached XP level 8. HP: 60/61 MP: 11/11
  6496 | D:6      | Noticed Sigmund
  6534 | D:6      | Killed Sigmund
  6534 | D:6      | Reached ** piety under Okawaru
  6641 | D:6      | Found a basalt altar of Yredelemnul.
  6689 | D:6      | Found a sand-covered staircase.
  6722 | Ossuary  | Entered an ossuary
  7314 | Ossuary  | Noticed Menkaure
  7329 | Ossuary  | Killed Menkaure
  7508 | D:6      | Found an opulent altar of Gozag.
  7510 | D:6      | Noticed Maggie
  7521 | D:6      | Killed Maggie
  7535 | D:6      | Found Gihenuda's Weapon Boutique.
  7658 | D:7      | Gained mutation: You are partially covered in sharp spines.
                  | [demonic ancestry]
  7658 | D:7      | Reached XP level 9. HP: 67/67 MP: 12/12
  7704 | D:7      | Found a blossoming altar of Fedhas.
  7953 | D:7      | Found a shadowy altar of Dithmenos.
  8302 | D:8      | Reached skill level 5 in Fighting
  8349 | D:8      | Reached skill level 5 in Armour
  8387 | D:8      | Noticed a troll
  8397 | D:8      | Killed a troll
  8397 | D:8      | Reached *** piety under Okawaru
  8490 | D:8      | Noticed a white ugly thing
  8498 | D:8      | Killed a white ugly thing
  8499 | D:8      | Reached skill level 6 in Fighting
  9197 | D:8      | Found a broken altar of Ashenzari.
  9482 | D:8      | Found a bloodstained altar of Trog.
  9510 | D:8      | Reached skill level 7 in Fighting
  9516 | D:8      | Gained mutation: When hurt, damage is shared between your
                  | health and your magic reserves. [demonic ancestry]
  9516 | D:8      | Reached XP level 10. HP: 72/79 MP: 13/13
  9971 | D:9      | Reached skill level 8 in Fighting
  9977 | D:9      | Received a gift from Okawaru
 10256 | D:9      | Found Jidghuem's Weapon Emporium.
 10262 | D:9      | Found Muomidut's Assorted Antiques.
 10265 | D:9      | Got a pair of encrusted boots
 10279 | D:9      | Bought a white potion for 27 gold pieces
 10279 | D:9      | Bought a fizzy blue potion for 27 gold pieces
 10279 | D:9      | Bought a scroll of magic mapping for 105 gold pieces
 10284 | D:9      | Bought 19 arrows for 60 gold pieces
 10297 | D:9      | Identified the +2 pair of boots of Entitlement {rPois} (You
                  | found it on level 9 of the Dungeon)
 10382 | D:9      | Found Etixt's Weapon Shoppe.
 10553 | D:9      | Found a staircase to the Lair.
 10747 | D:10     | Entered Level 10 of the Dungeon
 11181 | D:10     | Identified the amulet "Wivec" {Reflect rN+ SH+5}
 11195 | D:10     | Reached skill level 1 in Evocations
 11265 | D:10     | Reached **** piety under Okawaru
 11411 | D:10     | Noticed a two-headed ogre
 11417 | D:10     | Killed a two-headed ogre
 11744 | D:10     | Killed an unseen horror
 11745 | D:10     | Reached skill level 5 in Evocations
 11745 | D:10     | Reached XP level 11. HP: 81/87 MP: 10/14
 12104 | D:10     | Reached ***** piety under Okawaru
 12198 | D:11     | Noticed a two-headed ogre
 12203 | D:11     | Killed a two-headed ogre
 12609 | D:11     | Noticed a green ugly thing
 12620 | D:11     | Killed a green ugly thing
 12731 | D:11     | Received a gift from Okawaru
 13639 | Lair:1   | Entered Level 1 of the Lair of Beasts
 13654 | D:9      | Reached skill level 10 in Bows
 13656 | D:9      | Received a gift from Okawaru
 13976 | D:12     | Noticed a two-headed hydra
 13984 | D:12     | Killed a two-headed hydra
 14113 | D:12     | Found a staircase to the Orcish Mines.
 14216 | D:12     | Noticed a brown ugly thing
 14220 | D:12     | Noticed a purple ugly thing
 14223 | D:12     | Killed a brown ugly thing
 14226 | D:12     | Received a gift from Okawaru
 14235 | D:12     | Killed a purple ugly thing
 14326 | D:12     | Noticed a centaur warrior
 14341 | D:12     | Killed a centaur warrior
 14342 | D:12     | Gained mutation: You have a pair of large antennae on your
                  | head. (SInv) [demonic ancestry]
 14342 | D:12     | Reached XP level 12. HP: 56/94 MP: 7/15
 14527 | D:12     | Received a gift from Okawaru
 15312 | Lair:1   | You fall into a shaft and drop 1 floor!
 15384 | Lair:1   | Reached skill level 9 in Fighting
 15525 | Lair:1   | Noticed a four-headed hydra
 15529 | Lair:1   | Killed a four-headed hydra
 15529 | Lair:1   | Received a gift from Okawaru
 15830 | Lair:1   | Got an ancient war axe
 16017 | Lair:1   | Noticed Harold
 16029 | Lair:1   | Killed Harold
 16266 | Lair:2   | Reached skill level 10 in Fighting
 16571 | Lair:2   | Received a gift from Okawaru
 18012 | Lair:3   | Noticed Nergalle
 18015 | Lair:3   | Reached skill level 10 in Armour
 18018 | Lair:3   | Killed Nergalle
 18275 | Lair:3   | Received a gift from Okawaru
 18278 | Lair:3   | Reached skill level 11 in Fighting
 18455 | Lair:3   | Gained mutation: When low on magic, you restore magic in
                  | place of health. [demonic ancestry]
 18455 | Lair:3   | Reached XP level 13. HP: 106/106 MP: 14/16
 18619 | Lair:3   | Found a staircase to the Snake Pit.
 18753 | Lair:3   | Found a staircase to the Swamp.
 19055 | Lair:4   | Received a gift from Okawaru
 19131 | Lair:4   | Identified the +8 war axe "Orb Guardian's Curse" {elec,
                  | Fragile Str+4 Dex+2} (You found it on level 1 of the Lair
                  | of Beasts)
 19182 | Lair:4   | Noticed Nessos
 19188 | Lair:4   | Killed Nessos
 19347 | Lair:4   | Received a gift from Okawaru
 19524 | Lair:4   | Reached skill level 12 in Fighting
 19577 | Lair:4   | Received a gift from Okawaru
 19691 | Lair:4   | Received a gift from Okawaru
 20151 | Lair:4   | Identified a scroll of acquirement
 20152 | Lair:4   | Acquired 567 gold pieces
 20165 | Lair:4   | Got a crude war axe
 20302 | Lair:4   | Received a gift from Okawaru
 20662 | Lair:4   | Identified the +6 war axe "Gakh" {vamp, rN++ Will- MP+9
                  | Str+2} (You found it on level 4 of the Lair of Beasts)
 20987 | Lair:5   | Found a runed translucent gate.
 20987 | Lair:5   | Found a runed translucent gate.
 20987 | Lair:5   | Found a runed translucent gate.
 21168 | Lair:5   | Reached skill level 13 in Fighting
 21456 | Lair:5   | Gained mutation: You are completely covered in yellow
                  | scales. (AC +4, rCorr) [demonic ancestry]
 21456 | Lair:5   | Reached XP level 14. HP: 116/118 MP: 17/17
 21528 | Lair:5   | Received a gift from Okawaru
 21559 | Lair:5   | Noticed Kaofid's ghost (journeyman GrEE)
 22119 | Lair:6   | Entered Level 6 of the Lair of Beasts
 23590 | Lair:6   | Reached skill level 14 in Fighting
 23604 | Lair:6   | Received a gift from Okawaru
 24272 | Lair:6   | Received a gift from Okawaru
 24696 | Lair:6   | Learned a level 2 spell: Blink
 24698 | Lair:6   | Learned a level 1 spell: Animate Skeleton
 24701 | Lair:6   | Learned a level 2 spell: Passwall
 24971 | Orc:1    | Entered Level 1 of the Orcish Mines
 26105 | Orc:2    | Entered Level 2 of the Orcish Mines
 26667 | Orc:2    | Found a roughly hewn altar of Beogh.
 26746 | Orc:2    | Found a staircase to the Elven Halls.
 26880 | Orc:2    | Found a roughly hewn altar of Beogh.
 26942 | Orc:2    | Found a roughly hewn altar of Beogh.
 27066 | Orc:2    | Found Utasol's Assorted Antiques.
 27423 | Orc:2    | Found a roughly hewn altar of Beogh.
 27468 | Orc:2    | Found a roughly hewn altar of Beogh.
 27477 | Orc:2    | Received a gift from Okawaru
 27560 | Orc:2    | Found Dotuc's Book Emporium.
 27676 | Orc:2    | Found a roughly hewn altar of Beogh.
 27733 | Orc:2    | Noticed Saint Roka
 27769 | Orc:2    | Killed Saint Roka
 28337 | Orc:2    | Gained mutation: You resist negative energy. (rN+) [demonic
                  | ancestry]
 28337 | Orc:2    | Reached XP level 15. HP: 127/127 MP: 21/21
 28498 | Orc:2    | Found Gucham's Antique Armour Shoppe.
 28500 | Orc:2    | Found Kiaxtire's Antique Weapon Emporium.
 28500 | Orc:2    | Found a roughly hewn altar of Beogh.
 28510 | Orc:2    | Bought a leather armour for 66 gold pieces
 28510 | Orc:2    | Bought a jacinth-encrusted plate armour for 924 gold pieces
 28522 | Orc:2    | Identified the +4 plate armour of Freedom {rC+} (You bought
                  | it in a shop on level 2 of the Orcish Mines)
 28528 | Orc:2    | Bought a translucent shortbow for 152 gold pieces
 28528 | Orc:2    | Bought an ichor-stained glaive for 218 gold pieces
 28531 | Orc:2    | Identified the +12 glaive of the Muttering Scorpion
                  | {antimagic, *Slow +Fly rF+++ Dex-4} (You bought it in a
                  | shop on level 2 of the Orcish Mines)
 28545 | Orc:2    | Bought a steaming war axe for 161 gold pieces
 28546 | Orc:2    | Identified the +4 war axe of a volcano {protect, rF+ Int+7}
                  | (You bought it in a shop on level 2 of the Orcish Mines)
 28773 | Orc:2    | Identified the +9 shortbow "Ymysh" {speed, Int+3 Stlth+}
                  | (You bought it in a shop on level 2 of the Orcish Mines)
 28832 | Orc:2    | Bought a tubular gilded ring for 125 gold pieces
 28832 | Orc:2    | Bought a tubular bronze ring for 125 gold pieces
 29043 | D:13     | Received a gift from Okawaru
 29051 | D:13     | Got a pair of warped boots {god gift}
 29237 | D:13     | Reached skill level 10 in Invocations
 29385 | D:13     | Found an iron altar of Okawaru.
 29609 | D:13     | Found a gate to the Vaults.
 30001 | D:13     | Identified the +0 pair of boots of Gehenna {rF+ rN+ Int+5}
                  | (Okawaru gifted it to you on level 13 of the Dungeon)
 30463 | D:14     | Noticed Jorgrun
 30488 | D:14     | Killed Jorgrun
 31064 | D:15     | Entered Level 15 of the Dungeon
 31441 | D:15     | Found a staircase to the Depths.
 31615 | D:15     | Reached skill level 15 in Invocations
 31840 | D:15     | Found a runed translucent gate.
 31840 | D:15     | Found a runed translucent gate.
 31840 | D:15     | Found a runed translucent gate.
 31873 | D:15     | Noticed Rupert
 31884 | D:15     | Killed Rupert
 31884 | D:15     | Received a gift from Okawaru
 32618 | Orc:2    | Bought a potion of curing for 75 gold pieces
 32618 | Orc:2    | Bought a scroll of teleportation for 75 gold pieces
 32618 | Orc:2    | Bought an inky potion for 22 gold pieces
 32618 | Orc:2    | Bought 2 potions of cancellation for 400 gold pieces
 32618 | Orc:2    | Bought a scroll of identify for 50 gold pieces
 32791 | Snake:1  | Entered Level 1 of the Snake Pit
 33325 | Snake:1  | Reached XP level 16. HP: 128/134 MP: 28/28
 33660 | Snake:1  | Received a gift from Okawaru
 35022 | Snake:3  | Received a gift from Okawaru
 35158 | Snake:3  | Reached skill level 15 in Fighting
 35562 | Snake:3  | Received a gift from Okawaru
 37355 | Swamp:1  | Entered Level 1 of the Swamp
 37355 | Swamp:1  | Noticed Josephine
 37366 | Lair:3   | Killed Josephine
 37366 | Lair:3   | Received a gift from Okawaru
 38966 | Swamp:1  | Got a warped pewter ring
 39762 | Swamp:2  | Reached XP level 17. HP: 118/142 MP: 29/29
 39890 | Swamp:2  | Found a frozen archway.
 39900 | IceCv    | Entered an ice cave
 40354 | IceCv    | Identified the Catalogue of the Enthralling Mountains
 40373 | IceCv    | Identified the ring of Zavecawk {+Fly EV+4 SInv} (You found
                  | it on level 1 of the Swamp)
 40384 | IceCv    | Got a twisted flail
 40388 | IceCv    | Identified the +7 flail of Xazugatz {vorpal, *Noise Int+6}
                  | (You found it in an ice cave)
 41228 | Swamp:3  | Received a gift from Okawaru
 41272 | Swamp:3  | Reached skill level 15 in Bows
 41356 | Swamp:3  | Received a gift from Okawaru
 42630 | Swamp:4  | Entered Level 4 of the Swamp
 42999 | Swamp:4  | Received a gift from Okawaru
 43131 | Swamp:4  | Received a gift from Okawaru
 43483 | Swamp:4  | Received a gift from Okawaru
 43964 | Swamp:4  | Got a decaying rune of Zot
 44129 | Snake:4  | Entered Level 4 of the Snake Pit
 44144 | Snake:4  | Received a gift from Okawaru
 44621 | Snake:4  | Received a gift from Okawaru
 44622 | Snake:4  | Reached skill level 16 in Fighting
 44622 | Snake:4  | Gained mutation: You are mostly covered in sharp spines.
                  | [demonic ancestry]
 44622 | Snake:4  | Reached XP level 18. HP: 150/151 MP: 30/30
 44745 | Snake:4  | Reached skill level 15 in Armour
 45440 | Snake:4  | Noticed Bai Suzhen
 45469 | Snake:4  | Killed Bai Suzhen
 45485 | Snake:4  | Noticed Donald
 45493 | Snake:4  | Killed Donald
 45801 | Snake:4  | Noticed Vashnia
 46482 | Vaults:1 | Entered Level 1 of the Vaults
 46872 | Vaults:1 | Received a gift from Okawaru
 47160 | Vaults:1 | Received a gift from Okawaru
 47302 | Vaults:1 | Reached skill level 10 in Evocations
 47647 | Vaults:1 | Received a gift from Okawaru
 47744 | Vaults:1 | Received a gift from Okawaru
 48375 | Vaults:1 | Received a gift from Okawaru
 49078 | Vaults:2 | Received a gift from Okawaru
 49081 | Vaults:2 | Paralysed by a great orb of eyes for 5 turns
 49084 | Vaults:2 | Reached XP level 19. HP: 137/159 MP: 29/31
 49286 | Vaults:2 | Found Tieregun's Jewellery Boutique.
 49393 | Vaults:2 | Bought a ring of poison resistance for 320 gold pieces
 49535 | Vaults:2 | Noticed Jory
 50138 | Vaults:2 | Killed Jory
 50138 | Vaults:2 | Received a gift from Okawaru
 50187 | Vaults:2 | Noticed Sojobo
 50484 | Vaults:2 | Reached skill level 17 in Fighting
 50516 | Vaults:2 | Received a gift from Okawaru
 50662 | Vaults:2 | Killed Sojobo
 50670 | Vaults:2 | Received a gift from Okawaru
 51151 | Vaults:2 | Received a gift from Okawaru
 51152 | Vaults:2 | Got a jewelled ring mail {god gift}
 53239 | Vaults:3 | Found Buipt's Weapon Emporium.
 53514 | Vaults:3 | Found a staircase to the Crypt.
 53514 | Vaults:3 | Found a basalt altar of Yredelemnul.
 53602 | Vaults:3 | Found an ancient bone altar of Kikubaaqudgha.
 53649 | Vaults:3 | Received a gift from Okawaru
 53650 | Vaults:3 | Reached skill level 18 in Fighting
 55009 | Vaults:3 | Gained mutation: You are somewhat able to resist unholy
                  | torments (1 in 2 success). [demonic ancestry]
 55009 | Vaults:3 | Reached XP level 20. HP: 150/171 MP: 32/32
 55067 | Vaults:3 | Received a gift from Okawaru
 55378 | Vaults:3 | Received a gift from Okawaru
 55766 | Vaults:4 | Paralysed by a great orb of eyes for 3 turns
 55774 | Vaults:4 | Reached skill level 1 in Stealth
 56041 | Vaults:4 | Received a gift from Okawaru
 56887 | Vaults:4 | Reached skill level 5 in Stealth
 56947 | Vaults:4 | Found Wasom's Book Shoppe.
 57344 | Vaults:4 | Found Tuqusur's Jewellery Emporium.
 57351 | Vaults:4 | Bought a ring of protection from cold for 550 gold pieces
 57957 | Vaults:4 | Received a gift from Okawaru
 58132 | Vaults:4 | Received a gift from Okawaru
 58355 | Vaults:4 | Found Cyusidey's Antique Weapon Emporium.
 58401 | Vaults:4 | Reached skill level 1 in Translocations
 58998 | Vaults:4 | Received a gift from Okawaru
 59227 | Vaults:4 | Reached skill level 5 in Translocations
 59247 | Vaults:4 | Received a gift from Okawaru
 59389 | Vaults:4 | Identified the +0 chain mail of Wu Jian's Castigation {Harm
                  | rN+ rCorr} (You found it on level 4 of the Vaults)
 59455 | Vaults:4 | Found Wuyhykk's Book Emporium.
 59455 | Vaults:4 | Found Ceow's Jewellery Emporium.
 59971 | Elf:1    | Entered Level 1 of the Elven Halls
 60049 | Elf:1    | Found a radiant altar of Vehumet.
 60078 | Elf:1    | Reached skill level 1 in Spellcasting
 60226 | Elf:1    | Noticed Kirke
 60232 | Elf:1    | Received a gift from Okawaru
 60247 | Elf:1    | Killed Kirke
 60740 | Lair:4   | Identified the +7 flail of Growth {holy, rF++ Will++
                  | Stlth-} (You found it on level 4 of the Lair of Beasts)
 61195 | Elf:1    | Found Ceymur's Antique Armour Shoppe.
 61199 | Elf:1    | Reached XP level 21. HP: 178/178 MP: 33/33
 61469 | Elf:1    | Reached skill level 5 in Spellcasting
 61598 | Elf:1    | Found Xuishas's Jewellery Shop.
 61664 | Elf:1    | Identified Hutow's Compendium of Confrontation
 62144 | Elf:2    | Found a runed translucent door.
 62174 | Elf:2    | Found a runed translucent door.
 62496 | Elf:2    | Reached skill level 5 in Dodging
 63027 | Elf:2    | Learned a level 1 spell: Apportation
 63031 | Elf:2    | Learned a level 3 spell: Mephitic Cloud
 63036 | Elf:2    | Learned a level 4 spell: Animate Dead
 63040 | Elf:2    | Learned a level 3 spell: Inner Flame
 63119 | Elf:1    | Bought a polished plate armour for 868 gold pieces
 63121 | Elf:1    | Identified the +6 plate armour of Oblivion {Str+3} (You
                  | bought it in a shop on level 1 of the Elven Halls)
 64310 | Snake:4  | Killed Vashnia
 64867 | Snake:4  | Received a gift from Okawaru
 65499 | Snake:4  | Received a gift from Okawaru
 65559 | Snake:4  | Got a serpentine rune of Zot
 65888 | Depths:1 | Entered Level 1 of the Depths
 65896 | Depths:1 | Received a gift from Okawaru
 66595 | Depths:1 | Reached skill level 19 in Fighting
 66853 | Depths:1 | Received a gift from Okawaru
 66885 | Depths:1 | Got a masterwork dagger
 66886 | Depths:1 | Identified the +11 dagger "Ustrant" {venom, Dex+5} (You
                  | found it on level 1 of the Depths)
 66930 | Depths:1 | Found a gateway to Hell.
 67182 | Depths:1 | Received a gift from Okawaru
 67271 | Depths:1 | Gained mutation: You are completely covered in sharp
                  | spines. [demonic ancestry]
 67271 | Depths:1 | Reached XP level 22. HP: 135/187 MP: 32/34
 67477 | Depths:1 | Received a gift from Okawaru
 68015 | Depths:1 | You fall into a shaft and drop 1 floor!
 68387 | Depths:2 | Found a gateway to a ziggurat.
 68710 | Depths:2 | Received a gift from Okawaru
 69855 | Depths:2 | Gained mutation: You are frail. (-10% HP) [a shining eye]
 70364 | Depths:3 | Noticed Xtahua
 70699 | Depths:3 | Received a gift from Okawaru
 70785 | Depths:3 | Paralysed by Xtahua for 7 turns
 70794 | Depths:3 | Killed Xtahua
 70958 | Depths:3 | Noticed a golden dragon
 70975 | Depths:3 | Killed a golden dragon
 71082 | Depths:3 | Noticed Nikola
 71092 | Depths:3 | Killed Nikola
 71092 | Depths:3 | Received a gift from Okawaru
 71398 | Depths:3 | Identified the +7 trident "Jalyry" {drain, Str+3 Stlth+}
 71398 | Depths:3 | Identified the amulet "Ejuum" {Spirit +Blink +Fly Str+4}
 71464 | Depths:3 | Noticed the Enchantress
 71488 | Depths:3 | Killed the Enchantress
 71489 | Depths:3 | Reached skill level 20 in Fighting
 72230 | Depths:3 | Received a gift from Okawaru
 72825 | Depths:3 | Identified the Grimoire of Warped Cold
 72990 | Depths:3 | Upgraded the game from 0.27-a0-323-gbd089401bb to
                  | 0.27-a0-328-g7f782ed93a
 73002 | Depths:3 | Found a one-way gate leading to the halls of Pandemonium.
 73056 | Depths:4 | Noticed a golden dragon
 73069 | Depths:4 | Killed a golden dragon
 73124 | Depths:3 | Reached XP level 23. HP: 117/176 MP: 31/35
 73784 | Depths:4 | Reached skill level 5 in Necromancy
 74362 | Depths:4 | Received a gift from Okawaru
 74376 | Depths:4 | Noticed a caustic shrike
 74377 | Depths:4 | Noticed a caustic shrike
 74377 | Depths:4 | Noticed a caustic shrike
 74378 | Depths:4 | Noticed a caustic shrike
 74390 | Depths:3 | Killed a caustic shrike
 74887 | Depths:4 | Noticed a caustic shrike
 74899 | Depths:3 | Killed a caustic shrike
 74946 | Depths:4 | Noticed a caustic shrike
 74946 | Depths:4 | Noticed a caustic shrike
 74948 | Depths:4 | Noticed a caustic shrike
 74950 | Depths:4 | Noticed a caustic shrike
 74958 | Depths:3 | Killed a caustic shrike
 74973 | Depths:3 | Killed a caustic shrike
 75685 | Depths:3 | Killed a caustic shrike
 75686 | Depths:3 | Reached skill level 10 in Necromancy
 75794 | Depths:3 | Killed a caustic shrike
 75998 | Depths:4 | Received a gift from Okawaru
 76135 | Depths:4 | Received a gift from Okawaru
 76376 | Depths:4 | Identified the +0 ring mail of Jaemne {Rampage}
 76544 | Depths:4 | Killed a caustic shrike
 76544 | Depths:4 | Received a gift from Okawaru
 76588 | Depths:4 | Received a gift from Okawaru
 76962 | Depths:4 | Killed a caustic shrike
 76962 | Depths:4 | Received a gift from Okawaru
 77164 | Depths:4 | Identified the +1 whip "Bifi" {drain, Dex+2}
 77192 | Depths:4 | Received a gift from Okawaru
 77253 | Depths:4 | Killed a caustic shrike
 77369 | Depths:4 | Found a one-way gate to the infinite horrors of the Abyss.
 77509 | Depths:4 | Received a gift from Okawaru
 78487 | Elf:3    | Entered Level 3 of the Elven Halls
 78913 | Elf:3    | Received a gift from Okawaru
 79670 | Elf:3    | Found a runed translucent gate.
 79670 | Elf:3    | Found a runed translucent gate.
 79670 | Elf:3    | Found a runed translucent gate.
 79670 | Elf:3    | Noticed dinky3's ghost (adept OpMo)
 79975 | Elf:3    | Reached XP level 24. HP: 151/183 MP: 31/35
 80310 | Elf:3    | Received a gift from Okawaru
 81268 | Elf:3    | Identified the amulet "Noppittu" {Reflect rPois SH+5}
 81324 | Elf:3    | Identified the ring of the Equinox {rF+ rCorr Str+6 Int-5}
 81325 | Elf:3    | Identified the +7 trident of Ynlaukh {vorpal, rPois Str+4}
 81683 | Elf:3    | Acquired the amulet of Irumown {rC+ Regen+ MP+9 Str+2
                  | Dex+2}
 81772 | Elf:3    | Identified the Tome of the Frigorific Blaze
 81788 | Elf:3    | Identified Witchery in Simple Steps
 81791 | Elf:3    | Identified the Disquisition on Transmutation and the
                  | Traveller
 81797 | Elf:3    | Identified the +1 spear "Xadghiw" {antimagic, Str+4} (You
                  | found it on level 3 of the Elven Halls)
 82145 | Depths:5 | Entered Level 5 of the Depths
 82514 | Depths:5 | Received a gift from Okawaru
 82656 | Depths:5 | Noticed a juggernaut
 82677 | Depths:5 | Killed a juggernaut
 83172 | Depths:5 | Found a gate to the Realm of Zot.
 83366 | Depths:5 | Found a runed translucent door.
 83366 | Depths:5 | Found Hoajamp's Magic Scroll Emporium.
 83374 | Depths:5 | Bought a scroll of teleportation for 69 gold pieces
 83374 | Depths:5 | Bought a scroll of teleportation for 69 gold pieces
 83374 | Depths:5 | Bought a scroll of enchant armour for 172 gold pieces
 83588 | Depths:5 | Found a shadowy altar of Dithmenos.
 83776 | Depths:5 | Reached skill level 15 in Evocations
 83781 | Depths:5 | Reached skill level 1 in Hexes
 83829 | Depths:5 | Found Luipn's Elemental Accessories.
 83937 | Depths:5 | Bought a wand of iceblast (12) for 320 gold pieces
 84199 | Depths:5 | Noticed Biocos's ghost (adept HaHu)
 84466 | Crypt:1  | Entered Level 1 of the Crypt
 84564 | Crypt:1  | Received a gift from Okawaru
 84683 | Crypt:1  | Learned a level 2 spell: Slow
 84949 | Crypt:1  | Reached skill level 5 in Hexes
 85315 | Crypt:2  | Gained mutation: Your melee attacks may debilitate your
                  | foes. [demonic ancestry]
 85315 | Crypt:2  | Reached XP level 25. HP: 170/191 MP: 35/35
 85437 | Crypt:2  | Received a gift from Okawaru
 85475 | Crypt:2  | Reached skill level 1 in Fire Magic
 85726 | Crypt:2  | Received a gift from Okawaru
 85888 | Crypt:2  | Found a runed translucent gate.
 85888 | Crypt:2  | Found a runed translucent gate.
 85888 | Crypt:2  | Found a runed translucent gate.
 86309 | Crypt:2  | Reached skill level 5 in Fire Magic
 86610 | Crypt:3  | Entered Level 3 of the Crypt
 87334 | Crypt:3  | Identified the ring of Raryiwk {+Inv +Fly rF+}
 87637 | Crypt:3  | Got a scorched jade ring
 87639 | Crypt:3  | Identified the ring of the Clam {rPois rF+ rN+ Slay-5
                  | Stlth+} (You found it on level 3 of the Crypt)
 87876 | Crypt:3  | Noticed Mennas
 88277 | Elf:1    | Bought a pair of heavily runed boots for 294 gold pieces
 88277 | Elf:1    | Identified the +4 pair of boots of Moral Flaws {rPois
                  | Slay+4} (You bought it in a shop on level 1 of the Elven
                  | Halls)
 88892 | D:15     | Found a runed translucent gate.
 88892 | D:15     | Found a runed translucent gate.
 88895 | D:15     | Found a runed translucent gate.
 88899 | D:15     | Noticed Xohuykh's ghost (journeyman GrEE)
 89163 | Lair:5   | Killed Kaofid's ghost
 89180 | Lair:5   | Got a heavily runed turquoise ring
 89185 | Lair:5   | Got the ring "Ukorphoma" {Fire}
 89220 | Lair:5   | Identified the ring "Ukorphoma" {Fire Dex+3 Slay+2} (You
                  | found it on level 5 of the Lair of Beasts)
 89221 | Lair:5   | Identified the ring of Hosuimer {+Fly rPois rN+ Int+3} (You
                  | found it on level 5 of the Lair of Beasts)
 89562 | Elf:3    | Killed dinky3's ghost
 89948 | Depths:5 | Killed Biocos's ghost
 90504 | D:9      | Bought 2 potions of cancellation for 480 gold pieces
 90787 | Vaults:5 | Entered Level 5 of the Vaults
 90861 | Vaults:5 | Received a gift from Okawaru
 91293 | Vaults:5 | Noticed a dread lich
 91310 | Vaults:5 | Killed a dread lich
 91310 | Vaults:5 | Received a gift from Okawaru
 91311 | Vaults:5 | Reached skill level 10 in Hexes
 91505 | Vaults:5 | Received a gift from Okawaru
 91661 | Vaults:5 | Reached skill level 1 in Poison Magic
 91785 | Vaults:5 | Identified the +6 scale mail of Facue {rPois SInv}
 91817 | Vaults:5 | Received a gift from Okawaru
 92109 | Vaults:5 | Reached skill level 1 in Air Magic
 92184 | Vaults:5 | Identified the +10 short sword of Conflict {vamp, *Noise
                  | +Inv rN+++ SInv}
 92258 | Vaults:5 | Identified the ring "Vonle" {+Fly Str+4}
 92404 | Vaults:5 | Reached XP level 26. HP: 139/198 MP: 35/35
 92508 | Vaults:5 | Identified the +2 plate armour "Nuvogog" {rC+ Dex+4}
 92508 | Vaults:5 | Identified the ring of Lies {rF+ rN+ Will+ Int+4 Dex+3}
 92625 | Vaults:5 | Reached skill level 5 in Air Magic
 92816 | Vaults:5 | Received a gift from Okawaru
 93078 | Vaults:5 | Was placed under penance by Okawaru
 93241 | Vaults:5 | Noticed an ancient lich
 93337 | Vaults:5 | Acquired dolemite99's Compendium of the Compass and
                  | Darkness
 93343 | Vaults:5 | Learned a level 3 spell: Portal Projectile
 93348 | Vaults:5 | Learned a level 4 spell: Dispel Undead
 93409 | Vaults:5 | Got an ivory war axe
 93521 | Vaults:5 | Was forgiven by Okawaru
 93521 | Vaults:5 | Received a gift from Okawaru
 93590 | Vaults:5 | Noticed a dread lich
 93598 | Vaults:5 | Killed a dread lich
 93611 | Vaults:5 | Killed an ancient lich
 93611 | Vaults:5 | Received a gift from Okawaru
 93664 | Vaults:5 | Reached skill level 1 in Conjurations
 94026 | Vaults:5 | Received a gift from Okawaru
 94096 | Vaults:5 | Noticed an ancient lich
 94106 | Vaults:5 | Killed an ancient lich
 94209 | Vaults:5 | Reached skill level 5 in Conjurations
 94516 | Vaults:5 | Received a gift from Okawaru
 94612 | Vaults:5 | Got a silver rune of Zot
 96362 | Zot:1    | Entered Level 1 of the Realm of Zot
 96823 | Zot:1    | Found a transporter.
 96912 | Zot:1    | Was placed under penance by Okawaru
 96935 | Zot:1    | Noticed an orb of fire
 96973 | Zot:1    | Noticed an orb of fire
 96999 | Zot:1    | Killed an orb of fire
 97561 | Zot:1    | Noticed an orb of fire
 97781 | Zot:1    | Identified the amulet "Soybrepp" {Faith rN+ SInv}
 97783 | Zot:1    | Found a transporter.
 97869 | Zot:1    | Reached skill level 21 in Fighting
 97995 | Zot:1    | Found a blossoming altar of Fedhas.
 98010 | Zot:1    | Was forgiven by Okawaru
 98601 | Zot:2    | Reached skill level 1 in Earth Magic
 98971 | Zot:2    | Reached XP level 27. HP: 182/205 MP: 35/35
 99230 | Zot:2    | Reached skill level 5 in Earth Magic
 99756 | Zot:2    | Identified the +5 war axe "Xesuff" {drain, rN+} (You found
                  | it on level 5 of the Vaults)
100424 | Zot:2    | Received a gift from Okawaru
100425 | Zot:2    | Reached skill level 1 in Transmutations
100721 | Zot:2    | Reached skill level 5 in Transmutations
100755 | Zot:2    | Received a gift from Okawaru
101646 | Zot:3    | Received a gift from Okawaru
101686 | Zot:3    | Found a broken altar of Ashenzari.
101948 | Zot:3    | Cast into level 3 of the Abyss (white draconian
                  | annihilator)
101977 | Abyss:3  | Found a corrupted altar of Lugonu.
102124 | Abyss:3  | Received a gift from Okawaru
102272 | Zot:3    | Escaped the Abyss
102284 | Zot:3    | Received a gift from Okawaru
103384 | Zot:3    | You fall into a shaft and drop 1 floor!
104726 | Zot:4    | Received a gift from Okawaru
105450 | Zot:5    | Entered Level 5 of the Realm of Zot
105475 | Zot:5    | Learned a level 3 spell: Vampiric Draining
105530 | Zot:5    | Noticed an orb of fire
105530 | Zot:5    | Gained mutation: Potions are less effective at restoring
                  | your health. [an orb of fire]
105530 | Zot:5    | Noticed an orb of fire
105530 | Zot:5    | Noticed an orb of fire
105530 | Zot:5    | Noticed an orb of fire
105531 | Zot:5    | Noticed an orb of fire
105531 | Zot:5    | Gained mutation: You are clumsy. (Dex -2) [an orb of fire]
105539 | Zot:5    | Noticed a dread lich
105541 | Zot:5    | Noticed a dread lich
105541 | Zot:5    | Noticed an orb of fire
105541 | Zot:5    | Gained mutation: Your body sometimes deteriorates upon
                  | taking damage. [an orb of fire]
105541 | Zot:5    | Noticed an orb of fire
105541 | Zot:5    | Noticed an orb of fire
105541 | Zot:5    | Gained mutation: You are very frail. (-20% HP) [an orb of
                  | fire]
105542 | Zot:5    | Noticed an orb of fire
105542 | Zot:5    | Noticed an orb of fire
105543 | Zot:5    | Noticed an orb of fire
105543 | Zot:5    | HP: 8/184 [orb of fire/bolt of fire (13)]
105543 | Zot:5    | Killed from afar by an orb of fire

Illustrated notes

Levels and vault maps discovered:
D:1:      dpeg_arrival_tiny_c, layout_loops_corners
D:2:      layout_basic, grunt_temple_overflow_cloverleaf,
          chequers_serial_rivers_marsh, bh_walls_and_bars, uniq_jessica
D:3:      layout_rooms, general_overflow_altar, lemuel_round_altar,
          cheibrodos_gnoll_hut, uniq_crazy_yiuf_cottage
D:4:      layout_rooms, kennysheep_slug_shrine, lemuel_round_altar,
          minmay_temple_entry_oklob, serial_shops, shop, uniq_grinder
D:5:      layout_loops_cross, gup_sewer_entry_bubbles,
          ebering_ghost_rock_garden, hangedman_decor_lopped,
          nicolae_underground_beach
D:6:      layout_rooms, yredelemnul_altar_generic, grunt_gozag_statues,
          serial_shops, shop, nicolae_ossuary_entry_monument, uniq_maggie,
          uniq_sigmund
D:7:      layout_basic, fedhas_ov_isle_minmay, grunt_dithmenos_smoke
D:8:      minmay_flawed_box, layout_loops_ring, kennysheep_mini_moat,
          trog_ov_bears_minmay
D:9:      layout_basic, dpeg_oklobed_lair, serial_shops, nicolae_shop_trees,
          nicolae_shop_stone, nicolae_shop_competitors_out_of_business,
          statue_in_the_mist_lemuel
D:10:     layout_basic
D:11:     layout_roguey, minivault_7
D:12:     layout_big_octagon, david_orc_3, chequers_serial_rivers_micro_b,
          chequers_serial_rivers_large_b, hangedman_ranch
          [blue_anna_fruit_fields]
D:13:     layout_basic, erik_vaults_2, basic_altar, serial_undead,
          serial_undead_d, serial_undead_c, serial_undead_d, serial_undead_b,
          serial_undead_e, serial_undead_c, serial_undead_b
D:14:     layout_rooms, serial_bayou_shore_a, uniq_jorgrun
D:15:     hangedman_depths_entry_civil_slaughter, layout_long_grid,
          ploomutoo_gammafunk_ghost_potion_laboratory, grunt_decor_arrowhead,
          uniq_rupert
Lair:1:   layout_regular_city, small_statue_intersection,
          chequers_serial_rivers_small_b, cheibrodos_lair_reptile_den,
          uniq_harold
Lair:2:   layout_layer_cave, infiniplex_staircase_pool
Lair:3:   layout_chaotic_city, skrybe_swamp_entry_bodies,
          minmay_snake_entry_six_corridors, beast_lair_carwin_9, uniq_nergalle
Lair:4:   pond_and_an_island_with_a_cottage, layout_cave_pods, minivault_27,
          lemuel_fruit_fields, minmay_lair_oklob_chamber, uniq_nessos
Lair:5:   beast_lair_carwin_large_3, layout_regular_city,
          minmay_slime_entry_oklob_open, gammafunk_ghost_icy
Lair:6:   evilmike_catoblepas_cave, layout_regular_city
Swamp:1:  layout_basic_swamp, evilmike_swamp_ruin_house_3, uniq_josephine
Swamp:2:  layout_basic_swamp, portal_ice_cave_entry_ice_statue_one,
          evilmike_swamp_ruin_rubble_1
Swamp:3:  layout_falls_marsh, nicolae_swamp_treefoil
Swamp:4:  swamp, layout_basic_swamp
Snake:1:  layout_misc_corridors, grunt_megastairs_3
Snake:2:  layout_rooms
Snake:3:  layout_rooms, grunt_megastairs_5
Snake:4:  grunt_snake_rune_pools, layout_onion, uniq_donald, uniq_vashnia,
          uniq_bai_suzhen
Orc:1:    layout_caves
Orc:2:    grunt_orc_community_town_hall, layout_caves,
          grunt_orc_community_big_house_1, grunt_orc_community_big_house_1,
          grunt_orc_community_house_1, grunt_orc_community_house_1,
          grunt_orc_community_house_2, grunt_orc_community_house_3,
          grunt_orc_community_house_2, grunt_orc_community_house_1,
          uniq_saint_roka
Elf:1:    eino_elf_arrival_altar, layout_gridlike, serial_shops, shop, shop,
          minmay_elf_annihilation, uniq_kirke
Elf:2:    layout_geoelf_octagon
Elf:3:    elf_hall, layout_geoelf_castle, ebering_ghost_rock_garden,
          minivault_11, st_stairs_8, nicolae_elf_w_pinch,
          hangedman_elf_represent
Vaults:1: vaults_mumra_minichess, nicolae_vaults_shelves_hall, v_misc_24,
          grunt_vaults_swirl, vaults_room_semicircle, v_misc_24,
          hangedman_vaults_maws, vaults_room_semicircle, layout_vaults_big_room
Vaults:2: ontoclasm_vaults_pinch, nicolae_vaults_windows_and_doors_thing,
          nicolae_vaults_circle_grid_a, ontoclasm_vaults_gallery,
          vaults_room_semicircle, nicolae_vaults_little_squares_5,
          layout_vaults_omnigrid, infiniplex_enter_wizlab_water, serial_shops,
          shop_statue, uniq_sojobo, uniq_jory
Vaults:3: vaults_room_grid, minmay_crypt_entry_necro_gods,
          nicolae_vaults_network_star, nicolae_vaults_triangles,
          grunt_vaults_funnel, v_misc_5, hangedman_vaults_stretched_pinwheel,
          nicolae_vaults_network_square, hangedman_vaults_slice,
          vaults_mumra_bighexcomb, hangedman_vaults_corner_blocks,
          nicolae_vaults_asterisk, vaults_room_semicircle,
          layout_vaults_omnicross, serial_shops, shop_statue
Vaults:4: nicolae_vaults_little_squares_2, vaults_mumra_lcd,
          ontoclasm_vaults_tryst, nicolae_vaults_branching_niches,
          vaults_mumra_minichess_inversion, vaults_room_pool, vaults_room_boxed,
          vaults_dpeg_encased_lava, v_alt_pattern_4, vaults_room_pool,
          dpeg_vaults_monster_box, nicolae_vaults_alarming, layout_vaults_ring,
          serial_shops, shop, shop, nicolae_shop_stone,
          nicolae_shop_temple_entry_statues_fountains, nicolae_shop_crystal
Vaults:5
Crypt:1:  layout_misc_corridors
Crypt:2:  layout_regular_city, pandoras_box_mu
Crypt:3:  quadcrypt_mu, uniq_mennas
Depths:1: layout_small_grid, grunt_mini_vestibule, minmay_misc_feat_nine_boxes,
          minivault_16, minmay_orc_keep
Depths:2: hangedman_cross_stitches, layout_cave_pools, enter_ziggurat_f,
          pf_hell_entry_tar_river, nrook_pool_corridor
Depths:3: minmay_the_grid_four_pointed_star_mashed
          [minmay_the_grid_triangle_9x9_checkered,
          minmay_the_grid_triangle_9x9_steps,
          minmay_the_grid_triangle_9x9_thin_v,
          minmay_the_grid_triangle_9x9_from_above,
          minmay_the_grid_prize_diamond_cup], layout_basic,
          serial_sigils_hangedman_scar, grunt_hell_entry_dis_old,
          grunt_pan_entry_sceptre, uniq_nikola, uniq_margery, uniq_enchantress,
          uniq_xtahua
Depths:4: grunt_arcs, layout_honeycomb, abyss_entry, hellmouth_1,
          hangedman_decor_riveting, infiniplex_staircase_pillars_3b
Depths:5: evilmike_zot_entry_diamond, layout_gridlike, hell_entry,
          lemuel_statue_altar, serial_shops, shop,
          ebering_ghost_reflecting_pool, nicolae_elemental_shop
Zot:1:    gammafunk_the_bubble [the_bubble_gammafunk_grid], layout_basic,
          basic_altar
Zot:2:    lemuel_draconian_sentries_small, layout_onion_interference,
          st_small_dragon_hoard_2, zot_minivault_8
Zot:3:    nicolae_zot_stationary_front, layout_basic, basic_altar
Zot:4:    grunt_zot_stairs_overgrown, layout_misc_corridors
Zot:5:    layout_cathedral_of_symmetry

Skill      XL: |  1  2  3  4  5  6  7  8  9 10 11 12 13 14 15 16 17 18 19 20 21 22 23 24 25 26 27 |
---------------+----------------------------------------------------------------------------------+-----
Bows           | 4 5 8 9 11 14 16 17 | 17.9
Fighting       | 3 4 7 8 11 13 14 15 16 18 19 20 21 | 21.9
Short Blades   | 2 3 |  3.1
Armour         | 1 3 4 6 8 10 12 13 14 15 17 18 19 20 | 20.2
Invocations    | 5 9 16 | 16.2
Evocations     | 5 8 12 15 | 15.0
Stealth        | 8 |  8.8
Translocations | 5 9 |  9.0
Spellcasting   | 4 5 7 |  7.0
Dodging        | 8 |  8.0
Necromancy     | 3 14 | 14.9
Hexes          | 6 10 | 10.5
Fire Magic     | 9 |  9.9
Poison Magic   | 4 |  4.9
Air Magic      | 3 9 |  9.1
Conjurations   | 7 |  7.3
Earth Magic    | 4 9 |  9.0
Transmutations | 9 |  9.0

Action                   |  1- 3 |  4- 6 |  7- 9 | 10-12 | 13-15 | 16-18 | 19-21 | 22-24 | 25-27 || total
-------------------------+-------+-------+-------+-------+-------+-------+-------+-------+-------++-------
Melee: Dagger            |    48 |   221 |    54 |       |       |       |       |       |       ||   323
       Hand axe          |       |       |       |     8 |       |       |       |       |       ||     8
       Longbow           |       |       |       |     2 |       |       |       |       |     2 ||     4
       Punch             |       |       |       |     1 |       |       |       |       |       ||     1
       Broad axe         |       |       |       |     1 |       |       |       |       |       ||     1
 Fire: Shortbow          |    52 |    26 |   321 |   580 |   450 |       |     1 |   219 |       ||  1649
       Longbow           |       |       |    22 |   148 |   909 |  1562 |  1918 |  1660 |  1732 ||  7951
Throw: Stone             |    13 |    17 |       |       |       |       |       |       |       ||    30
       Throwing net      |       |       |       |     1 |       |       |       |       |       ||     1
 Cast: Animate Skeleton  |       |       |       |       |       |       |       |    17 |     2 ||    19
       Apportation       |       |       |       |       |       |       |       |     1 |     2 ||     3
       Animate Dead      |       |       |       |       |       |       |       |    10 |    28 ||    38
       Inner Flame       |       |       |       |       |       |       |       |       |   118 ||   118
       Blink             |       |       |       |       |       |       |       |       |     7 ||     7
       Mephitic Cloud    |       |       |       |       |       |       |       |       |     1 ||     1
       Dispel Undead     |       |       |       |       |       |       |       |       |     6 ||     6
       Passwall          |       |       |       |       |       |       |       |       |     1 ||     1
Invok: Heroism           |       |     1 |    17 |    69 |   117 |    91 |   116 |   115 |    39 ||   565
       Finesse           |       |       |       |       |     1 |    11 |    10 |    10 |     4 ||    36
Evoke: Wand              |       |       |       |     9 |    19 |    36 |    22 |    28 |    72 ||   186
       Phantom mirror    |       |       |       |       |       |     4 |    10 |     9 |     6 ||    29
       Condenser vane    |       |       |       |       |       |       |     4 |     7 |    12 ||    23
       Box of beasts     |       |       |       |       |       |       |       |     2 |    10 ||    12
       Phial of floods   |       |       |       |       |       |       |       |     1 |    10 ||    11
       Lightning rod     |       |       |       |       |       |       |       |       |     8 ||     8
  Use: Scroll            |     1 |     1 |    18 |     7 |    17 |    12 |    22 |    22 |    25 ||   125
       Potion            |       |       |     3 |       |     6 |       |    10 |     2 |    14 ||    35
Armor: Leather armour    |    11 |       |       |       |       |       |       |       |       ||    11
       Plate armour      |    43 |       |    10 |   166 |   195 |   485 |   264 |   394 |   179 ||  1736
       Chain mail        |     4 |   241 |    60 |       |    53 |       |       |       |       ||   358
       Skin              |       |       |     2 |       |       |       |       |       |       ||     2
       Shadow dragon sca |       |       |       |       |       |       |   119 |       |       ||   119
       Gold dragon scale |       |       |       |       |       |       |       |       |   317 ||   317
Dodge: Dodged            |    16 |    95 |    52 |    99 |   200 |   283 |   355 |   348 |   373 ||  1821
Block: Other             |       |       |       |       |    98 |       |       |       |       ||    98
       Reflection        |       |       |       |       |     1 |       |       |       |       ||     1

Table legend: (Time is in decaauts)
 A = Elapsed time spent in this place.
 B = Non-inter-level travel time spent in this place.
 C = Inter-level travel time spent in this place.
 D = Time resting spent in this place.
 E = Time spent auto-exploring this place.
 F = Levels seen in this place.
 G = Mean time per level.
                   A        B        C        D        E       F      G
               +--------+--------+--------+--------+--------+-----+--------+
         Total | 103455 |  94554 |   8901 |  29423 |  43771 |  55 | 1881.0 |
       Dungeon |  20758 |  18079 |   2679 |   5446 |   8735 |  15 | 1383.9 |
          Lair |  11851 |  10600 |   1251 |   2794 |   5718 |   6 | 1975.2 |
         Swamp |   5131 |   4907 |    224 |   1068 |   2865 |   4 | 1282.8 |
     Snake Pit |   8804 |   8320 |    484 |   2480 |   4016 |   4 | 2201.0 |
  Orcish Mines |   4040 |   3296 |    744 |    869 |   1622 |   2 | 2020.0 |
   Elven Halls |   6923 |   5633 |   1290 |   1536 |   2874 |   3 | 2307.7 |
        Vaults |  17656 |  16699 |    957 |   5518 |   7015 |   5 | 3531.2 |
         Crypt |   3401 |   3303 |     98 |    706 |   1708 |   3 | 1133.7 |
        Depths |  14648 |  13564 |   1084 |   4745 |   5854 |   5 | 2929.6 |
           Zot |   8742 |   8655 |     87 |   3854 |   3014 |   5 | 1748.4 |
         Abyss |    287 |    287 |      0 |     25 |      1 |   1 |  287.0 |
       Ossuary |    675 |    675 |      0 |    193 |    212 |   1 |  675.0 |
      Ice Cave |    534 |    534 |      0 |    186 |    132 |   1 |  534.0 |
               +--------+--------+--------+--------+--------+-----+--------+

Top non-repeatable levels by time:
Vaults:2: 4478 daAuts
Vaults:5: 4004 daAuts
Vaults:4: 3964 daAuts
Depths:3: 3896 daAuts
 Snake:4: 3660 daAuts
   Elf:3: 3639 daAuts
Depths:4: 3492 daAuts
   Zot:2: 3209 daAuts
 Snake:3: 2965 daAuts
   Zot:3: 2838 daAuts
Depths:1: 2649 daAuts
  Lair:6: 2629 daAuts
Vaults:1: 2609 daAuts
   Orc:2: 2608 daAuts
Vaults:3: 2600 daAuts
